 Dungeon Crawl Stone Soup version 0.20.1-1-g8b1a95d (webtiles) character file.

151 tidbits the Insei (level 4, 0/34 HPs)
             Began as a Demigod Transmuter on Aug 19, 2017.
             Slain by an ooze (3 damage)
             ... on level 3 of the Dungeon.
             The game lasted 00:09:15 (1264 turns).

tidbits the Insei (Demigod Transmuter)              Turns: 1264, Time: 00:09:16

Health: 0/34       AC:  2    Str: 13    XL:     4   Next: 86%
Magic:  4/9        EV: 12    Int: 19    God:
Gold:   127        SH:  0    Dex: 16    Spells: 1/7 levels left

rFire    . . .     SeeInvis .     - Unarmed
rCold    . . .     Gourm    .   (no shield)
rNeg     . . .     Faith    .   b - +0 robe
rPois    .         Spirit   .   (no helmet)
rElec    .         Reflect  .   (no cloak)
rCorr    .         Harm     .   (no gloves)
MR       .....                  (no boots)
Stlth    +.........             (no amulet)
Regen    0.2/turn               (no ring)
MPRegen  0.2/turn               (no ring)

@: lethally poisoned (0 -> -9), very slightly contaminated
A: high mp 1
a: no special abilities


You were on level 3 of the Dungeon.
You were hungry.

You visited 1 branch of the dungeon, and saw 3 of its levels.

You collected 127 gold pieces.

Inventory:

Hand Weapons
 o - a cursed -3 hunting sling
Missiles
 a - 23 arrows
 m - 14 stones (quivered)
Armour
 b - a +0 robe (worn)
Jewellery
 s - an uncursed ring of ice
   (You found it on level 3 of the Dungeon)
Scrolls
 g - 3 scrolls of teleportation {unknown}
 j - a scroll of noise {unknown}
 l - a scroll of fear {unknown}
 n - a scroll of magic mapping {unknown}
 p - 2 scrolls of recharging {unknown}
 q - a scroll of identify {unknown}
 u - a scroll of enchant weapon {unknown}
Potions
 e - a potion of curing
 f - a potion of resistance {unknown}
 i - 2 potions of heal wounds {unknown}
 t - a potion of brilliance {unknown}
Books
 c - a book of Changes

   Spells                             Type                      Level
   a - Beastly Appendage              Transmutation                1
   b - Sticks to Snakes               Transmutation                2
   c - Spider Form                    Transmutation/Poison         3
   d - Ice Form                       Ice/Transmutation            4
   e - Blade Hands                    Transmutation                5
Comestibles
 d - 2 bread rations
 h - 3 fruits
 k - a royal jelly
 r - 2 chunks of flesh


   Skills:
 - Level 0.8 Fighting
 - Level 1.7 Dodging
 - Level 4.5 Unarmed Combat
 - Level 2.1 Spellcasting
 + Level 2.9 Transmutations


You had one spell level left.
You knew the following spells:

 Your Spells              Type           Power        Failure   Level  Hunger
e - Beastly Appendage     Tmut           ##....       4%          1    #......
k - Sticks to Snakes      Tmut           ##......     8%          2    ##.....
p - Spider Form           Tmut/Pois      #.........   26%         3    ###....


Dungeon Overview and Level Annotations

Branches:
Dungeon (3/15)

Annotations:
D:3 PrincessLeslie's ghost, weakling FeSu


Innate Abilities, Weirdness & Mutations

You have an increased reservoir of magic. (+10% MP)


Message History

Eat one of 4 chunks of flesh? (ye/n/q)
You eat one of the 4 chunks of flesh.
This raw flesh tastes terrible.
Your transformation has ended.
Your +0 robe unmelds from your body.
You see here a dagger.
There is a stone staircase leading down here.
You climb downwards.
Level annotation: PrincessLeslie's ghost, weakling FeSu
There is a stone staircase leading up here.
There is a stone staircase leading up here.
The rat barely misses you.
Casting: Spider Form
Confirm with . or Enter, or press ? or * to list all spells.
You turn into a venomous arachnid creature.
Your +0 robe melds into your body.
The rat misses you.
You hit the rat.
You kill the rat!
Things that are here:
a short sword; a dagger Your transformation is almost over.
There is an open gate here.
Your transformation has ended.
Your +0 robe unmelds from your body.
There is an open door here.
The ooze quivers.
The ooze quivers. x2
The ooze barely misses you.
There is an open door here.
Casting: Spider Form
Confirm with . or Enter, or press ? or * to list all spells.
You turn into a venomous arachnid creature.
Your +0 robe melds into your body.
The ooze barely misses you.
You hit the ooze.
The ooze is poisoned.
The ooze is lightly wounded.
The ooze hits you.
You barely miss the ooze.
The ooze is lightly wounded.
The ooze completely misses you.
Your transformation is almost over.
Casting: Spider Form
Confirm with . or Enter, or press ? or * to list all spells.
You miscast Sticks to Snakes.
You are very lightly contaminated with residual magic.
Your front legs glow momentarily.
The ooze misses you.
Casting: Sticks to Snakes
Confirm with . or Enter, or press ? or * to list all spells.
You miscast Sticks to Snakes.
You feel a strange surge of energy! The ooze hits you.
You bite the ooze!
You kill the ooze!
You hit the jelly.
Your front legs burn!
The jelly is lightly wounded.
The jelly completely misses you.
You hit the jelly.
Your front legs burn!
The jelly is moderately wounded.
The jelly barely misses you.
You hit the jelly.
Your front legs burn!
The jelly is heavily wounded.
The jelly closely misses you.
You hit the jelly.
Your front legs burn!
The jelly is heavily wounded.
The jelly barely misses you.
You bite the jelly!
The jelly looks as sick as possible!
The acid corrodes you!
Your front legs burn!
The jelly is almost dead.
Your transformation has ended.
Your +0 robe unmelds from your body.
The jelly hits you.
* * * LOW HITPOINT WARNING * * *
The acid corrodes you!
You are splashed with acid!
The acid burns!
* * * LOW HITPOINT WARNING * * *
You kill the jelly!
Some of the chunks of flesh in your inventory have rotted away.
There is an open gate here.
The ooze hits you.
* * * LOW HITPOINT WARNING * * *
The ooze jiggles.
The ooze hits you.
* * * LOW HITPOINT WARNING * * *
You are no longer corroded.
Casting: Sticks to Snakes
Confirm with . or Enter, or press ? or * to list all spells.
You create a snake!
You now have 23 arrows.
The ooze hits your ball python.
Your ball python dies!
Your magical contamination has completely faded away.
The ooze jiggles.
Casting: Sticks to Snakes
Confirm with . or Enter, or press ? or * to list all spells.
You miscast Spider Form.
You are very lightly contaminated with residual magic.
You are lethally poisoned!
You feel sick.
You are feeling hungry.
* * * LOW HITPOINT WARNING * * *
You feel sick.
* * * LOW HITPOINT WARNING * * *
You feel sick.
* * * LOW HITPOINT WARNING * * *
You feel sick. The ooze hits you.
You die...

### #.## ...#
..##
################
..# ...
.......@J..#
..###.#
##########.#
......# #.#
.....## #.#
..##.# #.#
####.# #.# #.#
#.# ####.# #.#
...#)# #.#


You could see an ooze.

Vanquished Creatures
  2 jellies (D:3)
  An adder (D:2)
  3 oozes (D:3)
  2 worms
  4 dart slugs
  A leopard gecko (D:3)
  2 orcs (D:3)
  A giant cockroach (D:2)
  3 goblins
  7 hobgoblins
  A quokka (D:2)
  A ball python (D:3)
  4 bats
  2 frilled lizards
  6 kobolds
  4 rats
44 creatures vanquished.

Vanquished Creatures (collateral kills)
  An adder (D:3)
  An ooze (D:3)
  A hobgoblin (D:3)
  3 kobolds (D:3)
6 creatures vanquished.

Vanquished Creatures (others)
  3 fungi (D:3)
  8 toadstools (D:3)
11 creatures vanquished.

Grand Total: 61 creatures vanquished

Notes
Turn   | Place    | Note
-------+----------+-------------------------------------------
     0 | D:1      | tidbits the Demigod Transmuter began the quest for the Orb.
     0 | D:1      | Reached XP level 1. HP: 15/15 MP: 5/5
    34 | D:1      | Reached skill level 3 in Unarmed Combat
   141 | D:1      | Reached XP level 2. HP: 14/22 MP: 7/7
   145 | D:1      | Learned a level 2 spell: Sticks to Snakes
   548 | D:3      | Noticed PrincessLeslie's ghost (weakling FeSu)
   588 | D:3      | Reached XP level 3. HP: 27/27 MP: 4/8
   643 | D:3      | Reached skill level 4 in Unarmed Combat
   806 | D:3      | Reached skill level 2 in Spellcasting
   806 | D:3      | Reached XP level 4. HP: 6/34 MP: 5/9
   820 | D:3      | Learned a level 3 spell: Spider Form
   999 | D:2      | Reached skill level 2 in Transmutations
  1056 | D:2      | Found a faded altar of an unknown god.
  1238 | D:3      | HP: 3/34 [ooze (5)]
  1264 | D:3      | HP: 3/34 [poisoned by miscasting Spider Form (residual poison)]
  1264 | D:3      | Slain by an ooze

Skill      XL: |  1  2  3  4 |
---------------+-------------+-----
Unarmed Combat | 3 4 |  4.5
Spellcasting   | 2 |  2.1
Transmutations | 2 |  2.9
Fighting       | |  0.8
Dodging        | |  1.7

Action                   |  1- 3 |  4- 6 || total
-------------------------+-------+-------++-------
Melee: Unarmed           |    90 |    33 ||   123
       Kick              |     9 |     1 ||    10
       Headbutt          |    10 |     1 ||    11
       Punch             |     5 |       ||     5
 Cast: Beastly Appendage |    23 |     1 ||    24
       Sticks to Snakes  |     8 |     2 ||    10
       Spider Form       |       |     7 ||     7
  Use: Potion            |       |     1 ||     1
 Stab: Distracted        |     1 |     1 ||     2
       Sleeping          |       |     2 ||     2
  Eat: Chunk             |     1 |     2 ||     3
Armor: Robe              |     8 |     1 ||     9
       Skin              |       |     2 ||     2
Dodge: Dodged            |    52 |    36 ||    88

Table legend:
 A = Turns spent in this place as a percentage of turns spent in the entire game.
 B = Non-inter-level travel turns spent in this place as a percentage of non-inter-level travel turns spent in the entire game.
 C = Inter-level travel turns spent in this place as a percentage of turns spent in this place.
 D = Turns resting spent in this place as a percentage of non-inter-level travel turns spent in this place.
 E = Turns spent auto-exploring this place as a percentage of non-inter-level travel turns spent in this place.
 F = Non-inter-level travel turns spent in this place divided by the number of levels of this place that you've seen.
                   A       B       C       D       E      F
               +-------+-------+-------+-------+-------+----------------------
         Total | 100.0 | 100.0 |   0.3 |   0.0 |   0.0 | 392.7
       Dungeon | 100.0 | 100.0 |   0.3 |   0.0 |   0.0 | 392.7
               +-------+-------+-------+-------+-------+----------------------

Table legend:
 A = Kills in this place as a percentage of kills in entire the game.
 B = Kills by you in this place as a percentage of kills by you in the entire game.
 C = Kills by friends in this place as a percentage of kills by friends in the entire game.
 D = Other kills in this place as a percentage of other kills in the entire game.
 E = Experience gained in this place as a percentage of experience gained in the entire game.
 F = Experience gained in this place divided by the number of levels of this place that you have seen.
                   A       B       C       D       E      F
               +-------+-------+-------+-------+-------+----------------------
         Total | 100.0 | 100.0 | 100.0 |  -nan | 100.0 |  72.3
       Dungeon | 100.0 | 100.0 | 100.0 |  -nan | 100.0 |  72.3
               +-------+-------+-------+-------+-------+----------------------

Vault maps used:
D:1:      sevenhm_arrival_forest_fort_small_6
D:2:      chequers_ecumenical_altar_simple
D:3:      cheibrodos_fertilizer, st_stairs_1
